 Dungeon Crawl Stone Soup version 0.32-a0-576-g706899e69d (webtiles) character file.

Game seed: 10399367721365504786

1332 Dittersdorf the Trooper (level 8, 0/52 HPs)
             Began as a Gargoyle Fighter on Mar 1, 2024.
             Slain by an orc warrior
             ... wielding a +0 trident
              (6 damage)
             ... on level 7 of the Dungeon.
             The game lasted 00:06:40 (5030 turns).

Dittersdorf the Trooper (Gargoyle Fighter)          Turns: 5030, Time: 00:06:41

Health: 0/52       AC: 16    Str: 21    XL:     8   Next: 61%
Magic:  0/17       EV:  9    Int: 10    God:
Gold:   1015       SH:  5    Dex:  9    Spells: 7/7 levels left

rFire   + . .        a - +0 morningstar
rCold   . . .        c - +0 buckler
rNeg    + . .        b - +0 scale mail
rPois   ∞            (no helmet)
rElec   +            D - +0 cloak
rCorr   .            m - +1 pair of gloves
SInv    .            (no boots)
Will    .....        s - amulet of guardian spirit Stlth
                     r - ring of magical power
HPRegen 0.28/turn    y - ring of protection from fire
MPRegen 0.15/turn

%: guardian spirit
@: studying Fighting
A: sickness immunity, AC +5, negative energy resistance 1, electricity
resistance, torment resistance 1, petrification resistance
a: Convert to Beogh


You were on level 7 of the Dungeon.
You visited 2 branches of the dungeon, and saw 8 of its levels.

You collected 1080 gold pieces.
You spent 65 gold pieces at shops.

Inventory:

Hand Weapons
 a - a +0 morningstar (weapon)
 f - a -2 eveningstar of flaming
Armour
 b - a +0 scale mail (worn)
 c - a +0 buckler (worn)
 m - a +1 pair of gloves (worn)
 D - a +0 cloak (worn)
Jewellery
 r - a ring of magical power (left hand)
 s - an amulet of guardian spirit (around neck)
 y - a ring of protection from fire (right hand)
Wands
 j - a wand of light (7)
Scrolls
 h - 3 scrolls of poison
 k - 2 scrolls of fog
 o - a scroll of teleportation
 v - 3 scrolls of enchant armour
Potions
 d - 2 potions of might
 e - 4 potions of curing
 i - 2 potions of resistance {unknown}
 q - 3 potions of brilliance
 u - 4 potions of haste
 x - 2 potions of berserk rage
 z - a potion of enlightenment {unknown}
 B - 2 potions of mutation
 C - 2 potions of ambrosia {unknown}


   Skills:
 + Level 6.5 Fighting
 + Level 5.4 Maces & Flails
 + Level 6.4 Armour
 + Level 6.4 Shields


You had 7 spell levels left.
You didn't know any spells.
Your spell library contained the following spells:

 Spells                   Type           Power      Damage    Failure   Level
 Ensorcelled Hibernation  Hex/Ice        0%         N/A       86%         2
 Passwall                 Erth           0%         N/A       98%         3
 Swiftness                Air            0%         N/A       98%         3


Dungeon Overview and Level Annotations

Branches:
Dungeon (7/15)             Temple (1/1) D:5

Altars:
Ashenzari
Cheibriados
Dithmenos
Elyvilon
Fedhas
Hepliaklqana
Nemelex Xobeh
Okawaru
Qazlal
Ru
Sif Muna
Trog
Uskayaw
Vehumet
Wu Jian
Xom
Yredelemnul
Zin
The Shining One

Shops:
D:4 *   D:5 [   D:6 *

Portals:
Abyss: D:4

Annotations:
D:4 2 transporters


Innate Abilities, Weirdness & Mutations

You are immune to sickness and miasma.
Your stone body is resilient. (AC +5)
You are immune to poison.
You resist negative energy. (rN+)
You are resistant to electric shocks. (rElec)
You are resistant to unholy torment.
You are immune to petrification.


Message History

The bullfrog hits you.
The bullfrog swells and bulges.
An orc warrior comes into view. It is wielding a +0 trident.
Found a large platinum amulet.
The orc warrior shouts!
The bullfrog barely misses you. The bullfrog attacks as it pursues you!
The bullfrog hits you but does no damage.
You sock the orc!
You kill the orc!
The bullfrog closely misses you.
The bullfrog hits you but does no damage.
The bullfrog barely misses you. You block the bullfrog's attack.
The bullfrog attacks as it pursues you! The bullfrog hits you.
The bullfrog hits you but does no damage.
The white imp grins evilly.
The white imp hits you but does no damage.
The bullfrog hits you but does no damage.
The bullfrog hits you.
You see here a +0 flail.
You hit the orc priest.
The orc priest is lightly wounded.
You block the white imp's attack.
The orc priest mumbles some strange prayers to Beogh against you.
Beogh smites you! The bullfrog hits you.
The bullfrog hits you but does no damage.
The white imp gestures at you. The puff of frost hits you.
The bullfrog misses you. The bullfrog closely misses you.
The orc warrior hits you but does no damage.
The orc priest hits you with a +0 flail!
* * * LOW HITPOINT WARNING * * *
You barely miss the orc priest.
The orc priest is lightly wounded.
The bullfrog hits you but does no damage.
The bullfrog hits you.
* * * LOW HITPOINT WARNING * * *
The white imp hits you but does no damage.
The orc priest hits you but does no damage.
The orc warrior hits you from afar with a +0 trident!
You die...

... ##..#####.
....##....#..".
....#............$
#................#
#................
#....o........#
##...o........##
#... #@5.......#.
.....#FF.........
..................
..................
........$.........
...#..............
## ##.............
#.......##....
##....... ....


You could see an orc warrior, 2 bullfrogs, an orc priest and a white imp.

Vanquished Creatures
  A black bear (D:6)
  2 ogres (D:6)
  3 centaurs
  A kobold brigand (D:6)
  A bullfrog (D:6)
  2 scorpions
  A jelly (D:6)
  A bombardier beetle (D:5)
  2 hounds
  A sleepcap (D:6)
  Natasha (thrice) (D:3)
  4 iguanas
  An orc wizard (D:3)
  10 adders
  3 gnolls (D:3)
  A shadow imp (D:5)
  2 dart slugs (D:1)
  3 ribbon worms
  14 orcs
  8 ball pythons
  9 endoplasms
  4 giant cockroaches
  7 goblins
  8 hobgoblins
  10 kobolds
  3 quokkas
  5 bats (D:1)
  3 frilled lizards
  7 rats
120 creatures vanquished.

Notes
Turn   | Place    | Note
-------+----------+-------------------------------------------
     0 | D:1      | Dittersdorf the Gargoyle Fighter began the quest for the
                  | Orb.
     0 | D:1      | Reached XP level 1. HP: 14/14 MP: 1/1
   152 | D:1      | Reached XP level 2. HP: 19/19 MP: 2/2
   408 | D:1      | Reached XP level 3. HP: 23/23 MP: 3/3
  1054 | D:2      | Found an iron altar of Okawaru.
  1266 | D:2      | Found a faded altar of an unknown god.
  1383 | D:2      | Reached XP level 4. HP: 27/29 MP: 4/4
  2123 | D:3      | Noticed Natasha
  2126 | D:3      | Killed Natasha
  2127 | D:3      | Reached XP level 5. HP: 33/33 MP: 5/5
  2338 | D:3      | Noticed Natasha
  2350 | D:3      | Killed Natasha
  2375 | D:3      | Noticed Natasha
  2390 | D:3      | Killed Natasha
  2540 | D:3      | Reached XP level 6. HP: 39/39 MP: 6/6
  2938 | D:4      | Noticed a small abomination
  2944 | D:4      | Found a transporter.
  2999 | D:4      | Found Nakh's Lightly-Used Armoury.
  3009 | D:4      | Bought a -2 eveningstar for 65 gold pieces
  3193 | D:4      | Found a transporter.
  3210 | D:4      | Found a one-way gate to the infinite horrors of the Abyss.
  3370 | D:5      | Entered Level 5 of the Dungeon
  3385 | D:5      | Reached skill level 5 in Fighting
  3385 | D:5      | Reached skill level 5 in Armour
  3385 | D:5      | Reached skill level 5 in Shields
  3392 | D:5      | Reached XP level 7. HP: 39/44 MP: 7/7
  3423 | D:5      | Found a staircase to the Ecumenical Temple.
  3459 | Temple   | Entered the Ecumenical Temple
  3670 | D:5      | Found Turphym's Antique Armour Shop.
  4130 | D:6      | Reached XP level 8. HP: 48/51 MP: 8/8
  4241 | D:6      | Found Efopadgh's Assorted Antiques.
  4251 | D:6      | Reached skill level 5 in Maces & Flails
  5005 | D:7      | Identified 2 scrolls of acquirement
  5005 | D:7      | Acquired a manual of Fighting
  5007 | D:7      | Acquired 818 gold pieces
  5030 | D:7      | Slain by an orc warrior

Illustrated notes

Levels and vault maps discovered:
D:1:      wander_arrival_desolate, layout_loops_ring,
          hangedman_decor_peaks_small
D:2:      minmay_thinvault, layout_loops_ring,
          shapermc_ecumenical_altar_notcrosses, basic_altar
D:3:      minmay_skewed_foursquare, layout_basic, uniq_natasha
D:4:      layout_cave_pools, gammafunk_ghost_abyssal_escape,
          chequers_serial_rivers_large_a, minmay_shop_damaged, kennysheep_donut
D:5:      layout_cave_pools, minmay_temple_entry_steel_oval, serial_shops,
          nicolae_stop_n_shop_2
D:6:      layout_gridville, serial_shops, nicolae_shop_overgrown_old_shop,
          bh_walls_and_bars
D:7:      gammafunk_corrupted_shrine, layout_cave_pools, enter_ossuary_2,
          minmay_starry_boxes
Temple:   compressed_dpeg_triangle_lava_temple

Skill      XL: |  1  2  3  4  5  6  7  8 |
---------------+-------------------------+-----
Fighting       | 4 5 6 |  6.5
Shields        | 4 5 6 |  6.4
Armour         | 4 5 6 |  6.4
Maces & Flails | 3 4 5 |  5.4

Action                     |  1- 3 |  4- 6 |  7- 9 || total
---------------------------+-------+-------+-------++-------
  Melee: Flail             |    36 |       |       ||    36
         Whip              |    52 |   215 |    73 ||   340
         Morningstar       |       |       |    79 ||    79
    Use: Scroll            |       |     5 |    13 ||    18
 Armour: Scale mail        |    65 |   124 |   200 ||   389
  Dodge: Dodged            |    35 |    83 |   127 ||   245
  Block: Buckler           |    21 |    52 |    58 ||   131

Table legend: (Time is in decaauts)
 A = Elapsed time spent in this place.
 B = Non-inter-level travel time spent in this place.
 C = Inter-level travel time spent in this place.
 D = Time resting spent in this place.
 E = Time spent auto-exploring this place.
 F = Levels seen in this place.
 G = Mean time per level.
                   A        B        C        D        E       F      G
               +--------+--------+--------+--------+--------+-----+--------+
         Total |   5056 |   4864 |    192 |    141 |   3732 |   8 |  632.0 |
       Dungeon |   5044 |   4852 |    192 |    141 |   3732 |   7 |  720.6 |
        Temple |     11 |     11 |      0 |      0 |      0 |   1 |   11.0 |
               +--------+--------+--------+--------+--------+-----+--------+

Top non-repeatable levels by time:
     D:6: 1011 daAuts
     D:3: 935 daAuts
     D:2: 899 daAuts
     D:1: 882 daAuts
     D:4: 665 daAuts
     D:5: 577 daAuts
     D:7: 73 daAuts
  Temple: 11 daAuts
